cohdb
Replays
Latest Replays
All Replays
Popular Replays
Top Player Replays
Match Explorer
How It Works
Community
CoH3 Stats
Reddit
Sign in to upload your games and track your stats! →
Sign in with Steam
Match 31211192
Unlisted
Match 31211192
Overview
Messages
Build Orders
End
Kettenkrad Recon Vehicle
Construct Infanterie Kompanie
Selects Breakthrough Battlegroup
Selects Assault Grenadiers
Grenadier Squad
Grenadier Squad
Grenadier Squad
Medical Station
MG 42 Machine Gun Team
Construct Luftwaffe Kompanie
Selects Rapid Production
Jäger Squad
Support Elements
Wirbelwind Flakpanzer
Construct Panzer Kompanie
Stoßtruppen Squad
Stoßtruppen Squad
Pioneer Squad
Selects Blitzkrieg
Panzer IV Medium Tank
Selects Tiger Heavy Tank
Lieut✪LunchBox
Summer
Nukepapa
MadMan
0
0
Comments
sign in to comment!
No comments posted yet!